Map: Ulrena

Players

protor

  • Race: Terran Terran

SticklerMac - Winner!

  • Race: Zerg Zerg

VOD

Have the link to the VOD?

Description

Time

  • Played on: Nov. 10, 2015, 12:54 a.m.
  • Length: 13:35
Show
View Real Time Build Order
Export as new Build Order

protor Terran 

Build Orders: MMM Bio 

Get SALT Encoding   

  12  0:01  SCV  
  13  0:13  SCV  
  14  0:28  SCV, Supply Depot  
  15  0:50  SCV  
  15  0:52  Barracks  
  16  1:01  Refinery  
  16  1:02  SCV  
  17  1:14  SCV  
  18  1:29  SCV  
  19  1:40  Marine  
  19  1:42  Orbital Command  
  19  1:45  Supply Depot  
  20  1:54  Command Center  
  20  1:58  Marine  
  21  2:11  SCV  
  22  2:16  Marine  
  23  2:23  SCV, Factory  
  24  2:34  Marine  
  24  2:35  SCV  
  26  2:47  SCV  
  26  2:49  Barracks  
  27  2:52  Marine  
  28  3:00  SCV  
  29  3:15  Supply Depot  
  29  3:23  Hellion  
  29  3:26  SCV  
  32  3:31  Barracks Reactor  
  32  3:36  Barracks Tech Lab  
  32  3:42  Supply Depot, SCV x2  
  34  3:50  Hellion  
  34  3:54  SCV x2  
  38  4:06  SCV  
  38  4:07  Starport, Barracks  
  38  4:08  Refinery  
  39  4:14  Supply Depot  
  39  4:19  Orbital Command  
  39  4:24  Marine x2  
  39  4:25  Marine  
  39  4:29  Factory Reactor  
  42  4:36  SCV  
  42  4:42  Stimpack  
  42  4:43  Marine  
  42  4:44  Marine x2  
  45  4:46  SCV  
  45  4:48  SCV  
  47  5:00  Medivac  
  47  5:01  Barracks Reactor  
  47  5:02  Marauder  
  47  5:03  Command Center  
  47  5:04  Barracks  
  47  5:07  Marine x2  
  51  5:08  Widow Mine  
  55  5:16  SCV x2  
  57  5:23  Marine  
  58  5:28  SCV  
  58  5:29  SCV, Refinery  
  58  5:31  Marine x2  
  58  5:32  Medivac  
  64  5:40  SCV  
  65  5:47  Armory  
  65  5:57  Supply Depot  
  65  6:00  Marauder, Marine x3  
  65  6:01  Supply Depot  
  65  6:02  Supply Depot  
  70  6:14  SCV, Marine x2  
  70  6:18  Marine x3  
  75  6:19  Medivac  
  75  6:21  Hellion x2, Marauder  
  84  6:32  Marine x2  
  86  6:39  Engineering Bay  
  86  6:41  Widow Mine  
  86  6:42  Engineering Bay, Widow Mine  
  86  6:43  Marauder  
  92  7:01  Marine  
  93  7:04  Marauder  
  95  7:08  Barracks Tech Lab  
  95  7:09  Marine  
  95  7:10  Widow Mine x2, Marine x2  
  102  7:16  Supply Depot  
  102  7:18  Marine  
  95  7:26  Marauder  
  95  7:27  Marine  
  85  7:36  Marine  
  87  7:37  Marine, Marauder  
  82  7:47  Marine  
  82  7:48  Marine  
  82  7:51  Marine  
  77  7:54  Marine x2  
  62  8:18  Marine x2  
  62  8:19  Terran Infantry Weapons Level 1, Terran Infantry Armor Level 1  
  61  8:26  SCV  
  61  8:27  SCV x2  
  64  8:29  Marine  
  64  8:30  Marauder, Marine x2  
  64  8:31  Hellion x2  
  64  8:33  Medivac  
  75  8:36  Marine x2  
  75  8:37  Factory  
  75  8:38  SCV  
  78  8:47  Marine x2  
  82  8:48  Marauder  
  82  8:51  Marauder  
  82  8:53  Hellion x2  
  82  8:54  Marine  
  89  8:59  Combat Shields  
  89  9:01  Concussive Shells  
  89  9:02  Barracks x2, Marine  
  90  9:04  Barracks  
  90  9:05  Marine x2  
  94  9:10  Marauder  
  94  9:11  Marine  
  94  9:13  Widow Mine x2  
  94  9:14  Orbital Command  
  94  9:15  SCV  
  94  9:16  SCV  
  101  9:32  Supply Depot  
  101  9:33  Marauder, Marine x2  
  101  9:34  Supply Depot  
  74  10:03  Marine  
  74  10:04  Marine x4, Marauder x2  
  74  10:05  Marine x2  
  67  10:09  Widow Mine x2  
  70  10:16  Missile Turret  
  70  10:21  Missile Turret, Marine x2  
  67  10:22  Marine x4  
  67  10:23  Marine  
  67  10:24  Marine  
  67  10:25  Marine  
  65  10:39  Marine x3  
  65  10:40  Marine x4  
  65  10:42  Marine x2  
  57  10:57  Marine x2  
  59  11:08  SCV x3  
  62  11:13  Barracks Tech Lab  
  62  11:15  Barracks Reactor  
  62  11:16  Barracks Reactor  
  62  11:17  Marine x3  
  62  11:18  Marine x2  
  67  11:19  Marauder  
  67  11:20  SCV  
  70  11:29  SCV x2  
  72  11:35  Marine  
  72  11:36  Marauder  
  77  11:40  Marauder  
  77  11:46  Barracks Reactor  
  77  11:51  Marauder  
  57  12:07  Marine x3  
  57  12:08  Marine x5  
  45  12:12  Marine  
  37  12:22  Marine x2  
  38  12:23  Widow Mine  
  38  12:25  Factory Tech Lab, Marine x3  
  38  12:26  Marauder, Marine x4  
  50  12:30  Medivac, Marine  
  53  12:40  Marine x2  
  53  12:43  Marine x3  
  58  12:44  Marauder  
  58  12:46  SCV  
  58  12:48  Marauder  
  58  12:49  SCV  
  64  13:09  Marauder, Marine x2  
Show
View Real Time Build Order
Export as new Build Order

SticklerMac Zerg - Winner!

Build Orders: Hatch First, Muta Ling Bane 

Get SALT Encoding   

  12  0:01  Drone  
  13  0:12  Overlord  
  13  0:20  Drone  
  14  0:31  Drone x2  
  16  0:37  Drone  
  17  0:58  Hatchery  
  17  1:01  Drone  
  17  1:04  Extractor  
  17  1:05  Drone  
  17  1:13  Drone  
  18  1:23  Spawning Pool  
  17  1:33  Drone  
  17  1:34  Drone  
  19  1:42  Drone  
  20  1:50  Overlord  
  20  2:04  Drone  
  21  2:15  Drone x2  
  23  2:20  Queen  
  23  2:22  Queen  
  27  2:24  Drone  
  28  2:36  Overlord x2  
  28  2:57  Lair, Baneling Nest  
  27  3:04  Drone  
  27  3:05  Drone x5  
  33  3:21  Drone  
  33  3:22  Drone  
  35  3:27  Zergling x2  
  35  3:28  Zergling x2  
  37  3:34  Drone x3  
  37  3:39  Drone x2  
  42  3:45  Drone x2  
  44  3:52  Overlord  
  44  3:53  Overlord  
  44  3:55  Metabolic Boost  
  44  3:59  Extractor  
  43  4:07  Hatchery  
  43  4:08  Zergling x4  
  44  4:12  Drone x2  
  44  4:13  Drone x5  
  51  4:32  Drone x3, Extractor  
  51  4:33  Extractor  
  51  4:36  Zergling x2  
  51  4:37  Queen x2  
  57  4:39  Overlord  
  57  4:53  Spire  
  57  4:58  Zergling x4  
  57  4:59  Zergling x8  
  62  5:05  Zergling x2  
  63  5:11  Drone  
  64  5:26  Queen  
  64  5:27  Zergling x6  
  64  5:28  Zergling x6  
  72  5:32  Zergling x2  
  72  5:33  Drone  
  73  5:50  Overlord x5  
  73  6:17  Mutalisk x9  
  91  6:21  Zergling x10  
  91  6:25  Centrifical Hooks  
  96  6:29  Drone x2  
  98  6:50  Mutalisk x2  
  98  6:54  Zergling x18  
  103  6:55  Zergling x4  
  113  7:03  Overlord x2  
  113  7:07  Baneling x2  
  113  7:08  Baneling x7  
  113  7:09  Baneling x2  
  88  7:29  Zergling x8  
  85  7:30  Zergling x16  
  85  7:34  Baneling  
  85  7:35  Baneling x5  
  85  7:36  Overseer  
  89  7:42  Zergling x2  
  89  7:43  Zergling x16  
  70  7:52  Zergling x8  
  65  8:08  Mutalisk x4  
  73  8:14  Zergling x4  
  74  8:23  Mutalisk x2  
  74  8:25  Zergling x2  
  79  8:27  Baneling  
  79  8:28  Baneling  
  80  8:41  Zergling x2  
  80  8:42  Zergling x18  
  80  8:46  Baneling x8  
  89  8:50  Zergling x2  
  89  8:51  Zergling x2  
  90  9:04  Zergling x2  
  90  9:05  Zergling x20  
  101  9:24  Baneling x3  
  101  9:25  Baneling x6  
  101  9:26  Mutalisk x2  
  101  9:27  Zergling x2  
  101  9:28  Zergling x10  
  94  9:57  Zergling x2  
  94  9:58  Zergling x26  
  88  10:05  Zergling x2  
  88  10:06  Zergling x6  
  79  10:29  Zergling x2  
  79  10:30  Zergling x10  
  79  10:34  Zergling x4  
  76  10:53  Overseer  
  76  10:54  Overseer x5  
  76  11:00  Zergling x2  
  76  11:01  Zergling x20  
  86  11:16  Mutalisk  
  86  11:17  Mutalisk x4  
  96  11:20  Baneling  
  96  11:21  Baneling x17  
  96  11:22  Baneling  
  96  11:23  Zergling x2  
  96  11:33  Drone  
  96  11:34  Drone x2  
  98  11:41  Zergling x4  
  98  11:42  Zergling x14  
  85  12:12  Zergling x8  
  85  12:13  Zergling x22  
  96  12:16  Zergling x2  
  92  12:38  Zergling x12  
  92  12:39  Zergling x16  
  92  12:42  Baneling x5  
  92  12:43  Baneling x21  
  104  12:45  Baneling x6  
  104  12:46  Baneling x4  
  104  13:05  Hatchery  
  104  13:08  Hatchery  
Tags
 
Add a new tag
Caveats
  • Supply blocks, unpowered buildings, or Contaminate may cause inaccurate times.
  • Supply counts are checked every 10 seconds.